 Dungeon Crawl Stone Soup version 0.25-a0-942-g87a53962fc (webtiles) character file.

Game seed: 13251469337394452390, levelgen mode: classic

94133 Amnesiac the Sorcerer (level 15, -3/78 HPs)
             Began as a Deep Elf Wizard on May 5, 2020.
             Was a High Priest of Vehumet.
             Killed from afar by a purple draconian (42 damage)
             ... with a bolt of dispelling energy
             ... in a wizard's laboratory on May 6, 2020.
             The game lasted 01:24:36 (31629 turns).

Amnesiac the Sorcerer (Deep Elf Wizard)            Turns: 31629, Time: 01:24:37

Health: -3/78      AC: 15    Str:  4    XL:     15   Next: 62%
Magic:  22/55      EV: 18    Int: 30    God:    Vehumet [*****.]
Gold:   1625       SH:  7    Dex: 17    Spells: 18/65 levels left

rFire    . . .     SeeInvis .   a - +4 scimitar (flame)
rCold    . . .     Gourm    .   D - +2 buckler
rNeg     . . .     Faith    .   M - +2 robe of the Abyss {MR+ Dex+4 Slay+2}
rPois    .         Spirit   .   U - +2 hat
rElec    .         Reflect  .   t - +1 cloak
rCorr    .         Harm     .   v - +1 pair of gloves
MR       ++...                  R - +0 pair of boots
Stlth    ++........             o - amulet of regeneration
HPRegen  0.63/turn              S - ring of magical power
MPRegen  0.34/turn              y - +4 ring of protection

@: no status effects
A: no striking features
a: Renounce Religion


You were in a wizard's laboratory.
You worshipped Vehumet.
Vehumet was extremely pleased with you.
You were not hungry.

You visited 4 branches of the dungeon, and saw 21 of its levels.
You also visited: Wizlab.

You collected 2375 gold pieces.
You spent 750 gold pieces at shops.

Inventory:

Hand Weapons
 a - a +4 scimitar of flaming (weapon)
Missiles
 Q - 2 curare-tipped darts (quivered)
Armour
 t - a +1 cloak (worn)
 v - a +1 pair of gloves (worn)
 D - a +2 buckler (worn)
 M - the +2 robe of the Abyss (worn) {MR+ Dex+4 Slay+2}
   (You found it on level 1 of the Lair of Beasts)

   It affects your dexterity (+4).
   It affects your accuracy and damage with ranged weapons and melee attacks
   (+2).
   It affects your resistance to hostile enchantments.
 R - a +0 pair of boots (worn)
 U - a +2 hat (worn)
Magical Staves
 J - an uncursed staff of air
 P - an uncursed staff of cold
Jewellery
 o - an amulet of regeneration (around neck)
 x - an uncursed ring of flight
 y - a +4 ring of protection (right hand)
 S - a ring of magical power (left hand)
Wands
 h - a wand of paralysis (1)
 i - a wand of iceblast (16)
 j - a wand of disintegration (22)
 l - a wand of flame (27)
 r - a wand of acid (9)
 A - a wand of digging (11)
 B - a wand of scattershot (8)
Scrolls
 c - 6 scrolls of identify {!r}
 f - 4 scrolls of fear {!r}
 g - 7 scrolls of amnesia {!r}
 k - 3 scrolls of blinking {!r}
 n - a scroll of enchant weapon {!r}
 p - 7 scrolls of remove curse {!r}
 w - 14 scrolls of teleportation {!r}
 G - a scroll of enchant armour {!r}
 I - a scroll of summoning {!r}
 K - a scroll of fog {!r}
 O - a scroll of magic mapping {!r}
Potions
 e - a potion of cancellation {!q}
 m - 2 potions of curing {!q}
 q - 3 potions of lignification {!q}
 s - 2 potions of invisibility {!q}
 u - a potion of mutation {!q, unknown}
 z - a potion of haste {!q}
 C - 2 potions of brilliance {!q}
 E - 2 potions of flight {!q}
 F - 3 potions of heal wounds {!q}
 H - 3 potions of berserk rage {!q}
Comestibles
 b - 3 chunks of flesh
 d - 18 rations


   Skills:
 - Level 3.0 Fighting
 - Level 8.0 Dodging
 - Level 3.0 Stealth
 - Level 4.0 Shields
 + Level 25.5 Spellcasting
 - Level 15.0 Conjurations
 - Level 1.1 Summonings
 - Level 1.1 Translocations
 - Level 5.0 Evocations


You had 18 spell levels left.
You knew the following spells:

 Your Spells              Type           Power        Failure   Level  Hunger
a - Iron Shot             Conj/Erth      ######....   1%          6    None
b - Swiftness             Chrm/Air       #####...     1%          2    None
c - Magic Dart            Conj           ####         0%          1    None
d - Orb of Destruction    Conj           #######...   1%          7    None
e - Freezing Cloud        Conj/Ice/Air   ######....   4%          6    None
f - Mephitic Cloud        Conj/Pois/Air  ######..     1%          3    None
g - Summon Butterflies    Summ           #####...     1%          1    None
h - Apportation           Tloc           #####.       1%          1    None
i - Searing Ray           Conj           ######       0%          2    None
q - Fireball              Conj/Fire      ######....   1%          5    None
s - Conjure Flame         Conj/Fire      ######..     1%          3    None
v - Blink                 Tloc           N/A          1%          2    None
w - Irradiate             Conj/Tmut      ######....   1%          5    None
z - Ozocubu's Armour      Chrm/Ice       #####...     2%          3    None

Your spell library contained the following spells:

 Spells                   Type           Power        Failure   Level  Hunger
 Animate Skeleton         Necr           N/A          1%          1    None
 Corona                   Hex            #####..      1%          1    None
 Freeze                   Ice            ####         1%          1    None
 Pain                     Necr           ####         1%          1    None
 Shock                    Conj/Air       ####         1%          1    None
 Summon Small Mammal      Summ           ####         1%          1    None
 Call Imp                 Summ           #####...     1%          2    None
 Slow                     Hex            #####...     1%          2    None
 Call Canine Familiar     Summ           #####...     1%          3    None
 Frozen Ramparts          Ice            #####.       1%          3    None
 Static Discharge         Conj/Air       ######..     1%          3    None
 Airstrike                Air            #####.....   1%          4    None
 Hailstorm                Conj/Ice       ######..     1%          4    None
 Bolt of Magma            Conj/Fire/Erth ######....   1%          5    None
 Iskenderun's Battlesphe  Conj/Chrm      ######..     1%          5    None
 Lightning Bolt           Conj/Air       ######....   1%          5    None
 Conjure Ball Lightning   Conj/Air       ######....   1%          6    None
 Vampiric Draining        Necr           #####.....   2%          3    None
 Summon Ice Beast         Ice/Summ       #####...     5%          4    None
 Summon Lightning Spire   Summ/Air       #####...     5%          4    None
 Spellforged Servitor     Conj/Summ      ######....   6%          7    None
 Animate Dead             Necr           N/A          7%          4    None
 Summon Mana Viper        Hex/Summ       #####...     16%         5    None
 Agony                    Necr           #####...     21%         5    None
 Silence                  Hex/Air        #####.....   21%         5    None
 Summon Hydra             Summ           #####.....   98%         7    None
 Tornado                  Air            #####.....   100%        9    #####..


Dungeon Overview and Level Annotations

Branches:
Dungeon (11/15)            Temple (0/1) D:7            Lair (6/6) D:10
  Swamp (0/4) Lair:4       Spider (0/4) Lair:3        Slime (0/5) Lair:5
    Orc (2/2) D:11            Elf (2/3) Orc:2        WizLab (1/1)

Altars:
Ashenzari
Cheibriados
Fedhas
Kikubaaqudgha
Qazlal
Ru
Vehumet
Wu Jian
Xom
Yredelemnul
Zin
The Shining One
Beogh
Jiyva

Shops:
D:7 (   D:10 *   Orc:2 *:[(

Annotations:
Lair:1 exclusion: upstairs
Lair:5 exclusion: downstairs


Message History

Aim: a deep elf mage, wielding a +0 long sword (hasn't noticed you)
Casting: Orb of Destruction (dangerous; 1% risk of failure)
Confirm with . or Enter, or press ? or * to list all spells.
Aiming: Orb of Destruction (dangerous; 1% risk of failure)
Press: ? - help, Shift-Dir - straight line, f/p - deep elf mage
Aim: a deep elf mage, wielding a +0 long sword The orb of destruction hits the deep elf mage!!!
You blow up the deep elf mage!
Vehumet accepts your kill.
You feel your power returning.
b - 3 chunks of flesh (gained 1)
A conjurer statue comes into view.
Marking area around a statue as unsafe for travelling.
Casting: Orb of Destruction (dangerous; 1% risk of failure)
Confirm with . or Enter, or press ? or * to list all spells.
Aiming: Orb of Destruction (dangerous; 1% risk of failure)
Press: ? - help, Shift-Dir - straight line, f - conjurer statue
Aim: a conjurer statue (hasn't noticed you) Really walk into a travel-excluded area?
Casting: Orb of Destruction (dangerous; 1% risk of failure)
Confirm with . or Enter, or press ? or * to list all spells.
Aiming: Orb of Destruction (dangerous; 1% risk of failure)
Press: ? - help, Shift-Dir - straight line, f/p - conjurer statue
Aim: a conjurer statue (severely damaged)
The conjurer statue launches a ball of destructive magic.
An orb of destruction comes into view.
Vehumet accepts your kill.
You feel your power returning.
You feel a bit more experienced.
Casting: Orb of Destruction (dangerous; 1% risk of failure)
Confirm with . or Enter, or press ? or * to list all spells.
Aiming: Orb of Destruction (dangerous; 1% risk of failure)
Press: ? - help, Shift-Dir - straight line, f - orb of destruction
Aim: an orb of destruction The orb fizzles.
Really walk into a travel-excluded area?
You start resting.
A purple draconian comes into view. It is wielding a +0 mace.
Casting: Orb of Destruction (dangerous; 1% risk of failure)
Confirm with . or Enter, or press ? or * to list all spells.
Aiming: Orb of Destruction (dangerous; 1% risk of failure)
Press: ? - help, Shift-Dir - straight line, f - purple draconian
Aim: a purple draconian, wielding a +0 mace (hasn't noticed you)
The purple draconian roars!
The orb of destruction hits the purple draconian!!!!
The purple draconian is almost dead.
The purple draconian breathes dispelling energy at you.
The bolt of dispelling energy hits you!!!
Ouch! That really hurt!
* * * LOW HITPOINT WARNING * * *
Unknown command.
Casting: Orb of Destruction (dangerous; 1% risk of failure)
Confirm with . or Enter, or press ? or * to list all spells.
Aiming: Orb of Destruction (dangerous; 1% risk of failure)
Press: ? - help, Shift-Dir - straight line, f/p - purple draconian
Aim: a purple draconian, wielding a +0 mace (almost dead, catching its breath)
Casting: Orb of Destruction (dangerous; 1% risk of failure)
Confirm with . or Enter, or press ? or * to list all spells.
Aiming: Orb of Destruction (dangerous; 1% risk of failure)
Press: ? - help, Shift-Dir - straight line, f/p - purple draconian
Aim: a purple draconian, wielding a +0 mace (severely wounded, catching its breath)
The purple draconian breathes dispelling energy at you.
The bolt of dispelling energy hits you!!!
Ouch! That really hurt!
You die...

#.°..........##
#○○○°......#.#
#..........## .
##.d......#.#
.#....°°§..§#
#.##....§§.#.#
##.#......§§###
'.'......*§§#§§#
###.#.....@§§###
#.##.....§§#.#
##.#...)..§...##
##.###))).....#.#
#.#.#..).......##
#####.#.#.)........#.#
.....###.........§..##
##.##.#.......§...§#.#
#...#...............##


You could see a purple draconian.

Vanquished Creatures
  Jorgrun (Elf:1)
  Agnes (Elf:1)
  An orc warlord (Orc:2)
  A deep elf demonologist (Elf:1)
  Azrael (Elf:1)
  7 purple draconians (WizLab)
  A minotaur (D:11)
  5 statues (WizLab)
  Josephine (Lair:5)
  2 hydras
  3 two-headed ogres
  A dancing weapon (Elf:1)
  2 orc high priests
  Urug (Orc:2)
  7 deep elf knights
  6 deep elf archers
  3 orc knights (Orc:2)
  38 deep elf magi
  An ugly thing (D:11)
  A wolf spider zombie (D:11)
  3 orc sorcerers
  3 oklob plants
  5 elephants (Lair:2)
  A cyclops (D:10)
  4 black mambas
  Psyche (D:8)
  The ghost of Conaegag the Chopper, a novice FoFi of Cheibriados (D:11)
  20 spiny frogs
  Maggie (D:8)
  9 komodo dragons
  A rime drake (Lair:5)
  4 trolls
  A hornet (D:8)
  4 tyrant leeches (Lair:6)
  2 polar bears
  7 hippogriffs
  Prince Ribbit (D:8)
  18 blink frogs
  An air elemental (Elf:1)
  A shadow (D:8)
  A spriggan (D:10)
  3 wraiths (Lair:5)
  A tarantella (Lair:3)
  4 basilisks
  56 yaks
  Grum (Lair:1)
  A hungry ghost (D:10)
  7 fire elementals
  11 vampire mosquitoes
  5 wargs
  An acid dragon (D:10)
  Edmund (D:4)
  16 water moccasins
  A hell hound (Elf:1)
  29 orc warriors
  6 porcupines
  An eye of draining (D:11)
  A sky beast (D:8)
  2 ice beasts
  3 phantoms
  A black bear (D:11)
  5 wolves
  A centaur (D:10)
  9 ogres
  7 crocodiles
  4 big kobolds
  25 bullfrogs
  A gnoll sergeant (Orc:2)
  An earth elemental (Elf:1)
  A scorpion (D:5)
  2 electric eels
  4 howler monkeys
  A quasit (D:8)
  7 hounds
  2 jellies
  13 orc priests
  24 orc wizards
  Crazy Yiuf (D:2)
  2 bullfrog skeletons
  4 centaur skeletons
  5 iguanas
  Jessica (D:2)
  4 hell rats
  6 worker ants
  A hound zombie (D:11)
  2 hound skeletons
  14 gnolls
  2 howler monkey skeletons
  7 adders
  3 shadow imps
  An ooze (D:2)
  An adder skeleton (D:6)
  An adder zombie (D:8)
  2 worms
  2 dart slugs (D:1)
  2 leopard geckos
  70 orcs
  6 giant cockroaches
  2 gnoll zombies (D:6)
  9 goblins
  7 hobgoblins
  20 jackals
  7 quokkas
  7 bats
  6 frilled lizards
  A jackal skeleton (D:4)
  14 kobolds
  A leopard gecko skeleton (D:4)
  3 rats
  2 plants
647 creatures vanquished.

Vanquished Creatures (collateral kills)
  A sky beast (D:6)
  An ogre (D:4)
  An orc wizard (D:8)
  2 orcs (D:4)
5 creatures vanquished.

Vanquished Creatures (others)
  A centaur (D:4)
  3 worker ants (D:4)
  3 adders (D:4)
  A leopard gecko (D:4)
  A frilled lizard (D:4)
  20 fungi
  44 plants
73 creatures vanquished.

Grand Total: 725 creatures vanquished

Notes
Turn   | Place    | Note
-------+----------+-------------------------------------------
     0 | D:1      | Amnesiac the Deep Elf Wizard began the quest for the Orb.
     0 | D:1      | Reached XP level 1. HP: 10/10 MP: 7/7
   230 | D:3      | Reached XP level 2. HP: 15/15 MP: 6/9
   234 | D:3      | Learned a level 2 spell: Blink
   237 | D:3      | Learned a level 2 spell: Call Imp
   241 | D:3      | Found a blossoming altar of Fedhas.
   816 | D:3      | Reached XP level 3. HP: 19/19 MP: 4/11
   821 | D:3      | Learned a level 3 spell: Conjure Flame
   825 | D:3      | Learned a level 3 spell: Mephitic Cloud
   976 | D:4      | Killed a centaur
  1054 | D:4      | Reached XP level 4. HP: 10/24 MP: 0/12
  1191 | D:5      | Entered Level 5 of the Dungeon
  1299 | D:4      | Found a sacrificial altar of Ru.
  1488 | D:4      | Reached skill level 1 in Fighting
  1488 | D:4      | Reached XP level 5. HP: 18/29 MP: 7/13
  1619 | D:4      | Found a shimmering altar of Xom.
  1765 | D:4      | Noticed an ogre
  1778 | D:4      | Killed an ogre
  1851 | D:4      | Reached skill level 5 in Dodging
  1903 | D:4      | Reached XP level 6. HP: 18/35 MP: 1/14
  2229 | D:4      | Noticed Edmund
  2776 | D:4      | Found an ornate altar of the Wu Jian Council.
  2777 | D:4      | Found a radiant altar of Vehumet.
  2777 | D:4      | Found an ancient bone altar of Kikubaaqudgha.
  2778 | D:4      | Found a stormy altar of Qazlal.
  2778 | D:4      | Found a snail-covered altar of Cheibriados.
  2778 | D:4      | Found a shattered altar of Ashenzari.
  2778 | D:4      | Found a glowing silver altar of Zin.
  2779 | D:4      | Found a glowing golden altar of the Shining One.
  2781 | D:4      | Became a worshipper of Vehumet
  4505 | D:2      | Noticed Jessica
  4511 | D:2      | Killed Jessica
  4538 | D:2      | Reached * piety under Vehumet
  4538 | D:2      | Offered knowledge of Shock by Vehumet.
  4884 | D:2      | Found a runed translucent door.
  4885 | D:2      | Noticed Crazy Yiuf
  5075 | D:2      | Killed Crazy Yiuf
  5518 | D:3      | Reached XP level 7. HP: 40/40 MP: 9/15
  5996 | D:4      | Killed Edmund
  7144 | D:5      | Reached skill level 5 in Spellcasting
  7768 | D:6      | Reached skill level 6 in Spellcasting
  7768 | D:6      | Reached XP level 8. HP: 46/46 MP: 5/19
  8029 | D:6      | Offered knowledge of Searing Ray by Vehumet.
  8033 | D:6      | Learned a level 2 spell: Searing Ray
  8240 | D:6      | Reached skill level 7 in Spellcasting
  8240 | D:6      | Reached skill level 5 in Conjurations
  8249 | D:6      | Reached ** piety under Vehumet
  8803 | D:6      | Found a basalt altar of Yredelemnul.
  9140 | D:7      | Found Mamoc's Weapon Shoppe.
  9173 | D:7      | Reached skill level 8 in Spellcasting
  9745 | D:7      | Found a staircase to the Ecumenical Temple.
 10197 | D:8      | Reached skill level 9 in Spellcasting
 10233 | D:8      | Noticed a hornet
 10246 | D:8      | Killed a hornet
 10246 | D:8      | Reached skill level 1 in Evocations
 10251 | D:8      | Offered knowledge of Stone Arrow by Vehumet.
 10251 | D:8      | Reached XP level 9. HP: 50/50 MP: 8/24
 10529 | D:8      | Reached *** piety under Vehumet
 10538 | D:8      | Reached skill level 10 in Spellcasting
 10639 | D:8      | Noticed Psyche
 10650 | D:8      | Killed Psyche
 10896 | D:8      | Upgraded the game from 0.25-a0-940-gc6eaff51cc to
                  | 0.25-a0-942-g87a53962fc
 10922 | D:8      | Noticed Prince Ribbit
 10931 | D:8      | Killed Prince Ribbit
 10931 | D:8      | Reached skill level 11 in Spellcasting
 11587 | D:8      | Noticed Maggie
 11618 | D:8      | Killed Maggie
 11806 | D:8      | Offered knowledge of Hailstorm by Vehumet.
 11883 | D:8      | Reached skill level 12 in Spellcasting
 12066 | D:9      | Reached XP level 10. HP: 56/56 MP: 21/28
 12311 | D:9      | Reached skill level 5 in Evocations
 12572 | D:9      | Noticed a two-headed ogre
 12591 | D:9      | Killed a two-headed ogre
 12625 | D:9      | Reached **** piety under Vehumet
 13213 | D:9      | Reached skill level 13 in Spellcasting
 13332 | D:10     | Entered Level 10 of the Dungeon
 13452 | D:10     | Found a stormy altar of Qazlal.
 13529 | D:10     | Offered knowledge of Bolt of Magma by Vehumet.
 14179 | D:10     | Found Inolaim's Assorted Antiques.
 14187 | D:10     | Bought a viscous black potion for 20 gold pieces
 14187 | D:10     | Bought a cyan potion for 20 gold pieces
 14187 | D:10     | Bought a glowing golden potion for 20 gold pieces
 14187 | D:10     | Bought an embroidered robe for 85 gold pieces
 14343 | D:10     | Noticed a cyclops
 14351 | D:10     | Noticed a two-headed ogre
 14367 | D:10     | Found a staircase to the Lair.
 14375 | D:10     | Noticed a two-headed ogre
 14383 | Lair:1   | Entered Level 1 of the Lair of Beasts
 14395 | Lair:1   | Learned a level 7 spell: Orb of Destruction
 14634 | Lair:1   | Reached skill level 14 in Spellcasting
 14692 | Lair:1   | Noticed Grum
 14719 | Lair:1   | Reached skill level 10 in Conjurations
 14777 | Lair:1   | Killed Grum
 15063 | Lair:1   | Got a brightly glowing chain mail
 15080 | Lair:1   | Reached XP level 11. HP: 49/60 MP: 21/31
 15457 | Lair:1   | Identified the +5 chain mail of Unambiguity {Str+4 Int+3}
                  | (You found it on level 1 of the Lair of Beasts)
 15698 | Lair:1   | Noticed an oklob plant
 15718 | Lair:1   | Killed an oklob plant
 15719 | Lair:1   | Noticed an oklob plant
 15723 | Lair:1   | Killed an oklob plant
 15734 | Lair:1   | Got a faintly humming robe
 16578 | Lair:2   | Reached ***** piety under Vehumet
 16950 | Lair:2   | Offered knowledge of Freezing Cloud by Vehumet.
 17246 | Lair:2   | Reached XP level 12. HP: 64/64 MP: 26/32
 17572 | Lair:3   | Identified the +2 robe of the Abyss {MR+ Dex+4 Slay+2} (You
                  | found it on level 1 of the Lair of Beasts)
 17820 | Lair:3   | Found a hole to the Spider Nest.
 18745 | Lair:3   | Learned a level 6 spell: Freezing Cloud
 18747 | Lair:3   | Learned a level 1 spell: Summon Butterflies
 18749 | Lair:3   | Learned a level 1 spell: Apportation
 18935 | Lair:4   | Reached skill level 15 in Spellcasting
 19051 | Lair:4   | Found a staircase to the Swamp.
 19171 | Lair:4   | Reached skill level 15 in Conjurations
 19899 | Lair:4   | Reached skill level 16 in Spellcasting
 20499 | Lair:5   | Noticed Josephine
 20922 | Lair:5   | Reached skill level 17 in Spellcasting
 21293 | Lair:5   | Killed Josephine
 21378 | Lair:5   | Learned a level 3 spell: Ozocubu's Armour
 21471 | Lair:5   | Found a viscous altar of Jiyva.
 21471 | Lair:5   | Found a staircase to the Slime Pits.
 21512 | Lair:5   | Learned a level 2 spell: Swiftness
 21612 | Lair:5   | Noticed a four-headed hydra
 21620 | Lair:5   | Killed a four-headed hydra
 21909 | Lair:6   | Entered Level 6 of the Lair of Beasts
 21916 | Lair:6   | Reached XP level 13. HP: 68/68 MP: 10/36
 21920 | Lair:6   | Reached skill level 18 in Spellcasting
 22117 | Lair:6   | Offered knowledge of Irradiate by Vehumet.
 22128 | Lair:6   | Learned a level 5 spell: Irradiate
 22571 | Lair:6   | Reached skill level 19 in Spellcasting
 23228 | Lair:6   | Reached skill level 20 in Spellcasting
 24653 | D:11     | Reached skill level 21 in Spellcasting
 24928 | D:11     | Offered knowledge of Lee's Rapid Deconstruction by Vehumet.
 25303 | D:11     | Noticed Conaegag's ghost (novice FoFi)
 25303 | D:11     | Noticed a minotaur
 25318 | D:11     | Found a runed translucent gate.
 25318 | D:11     | Found a runed translucent gate.
 25318 | D:11     | Found a runed translucent gate.
 25405 | D:11     | Found a staircase to the Orcish Mines.
 25644 | D:11     | Killed a minotaur
 25644 | D:11     | Reached XP level 14. HP: 54/74 MP: 31/41
 25646 | D:11     | Killed Conaegag's ghost
 25855 | Orc:1    | Entered Level 1 of the Orcish Mines
 26651 | Orc:2    | Entered Level 2 of the Orcish Mines
 26928 | Orc:2    | Found a staircase to the Elven Halls.
 27324 | Orc:2    | Noticed Urug
 27328 | Orc:2    | Killed Urug
 27383 | Orc:2    | Reached skill level 22 in Spellcasting
 27564 | Orc:2    | Noticed an orc warlord
 27576 | Orc:2    | Killed an orc warlord
 28016 | Orc:2    | Found a roughly hewn altar of Beogh.
 28028 | Orc:2    | Offered knowledge of Fireball by Vehumet.
 28042 | Orc:2    | Learned a level 5 spell: Fireball
 28171 | Orc:2    | Found Fuicef's General Store.
 28186 | Orc:2    | Bought an uncursed ring of magical power for 220 gold
                  | pieces
 28195 | Orc:2    | Found Refod's Book Shoppe.
 28371 | Orc:2    | Found Zuoch's Antique Armour Shoppe.
 28474 | Orc:2    | Found Xuorghah's Antique Weapon Shoppe.
 28545 | Orc:2    | Bought a glowing robe for 133 gold pieces
 28545 | Orc:2    | Bought an embroidered hat for 252 gold pieces
 28620 | Elf:1    | Entered Level 1 of the Elven Halls
 28626 | Elf:1    | Reached skill level 1 in Shields
 28783 | Elf:1    | Noticed Agnes
 28790 | Elf:1    | Killed Agnes
 29296 | Elf:1    | Reached skill level 23 in Spellcasting
 29319 | Elf:1    | Noticed Azrael
 29502 | Elf:1    | Killed Azrael
 30056 | Elf:1    | Noticed Jorgrun
 30066 | Elf:1    | Killed Jorgrun
 30077 | Elf:1    | Reached XP level 15. HP: 57/78 MP: 23/44
 30270 | Elf:1    | Reached skill level 24 in Spellcasting
 30598 | Elf:2    | Learned a level 6 spell: Iron Shot
 30680 | Elf:2    | Found a magical portal.
 30689 | WizLab   | Entered Iskenderun's Mystic Tower
 31135 | WizLab   | Reached skill level 25 in Spellcasting
 31629 | WizLab   | Killed from afar by a purple draconian

Levels and vault maps discovered:
D:1:      nicolae_arrival_memento_mori, layout_basic
D:2:      layout_basic, grunt_ministairs_11, chequers_avenue, uniq_jessica,
          uniq_crazy_yiuf_cottage
D:3:      layout_basic, marbit_many_paths
D:4:      layout_loops_ring, nicolae_ru_the_path_less_chosen,
          xom_confusion_cloud, grunt_temple_overflow_open, nrook_loot_triangle,
          uniq_edmund
D:5:      layout_basic, serial_co_window_serial, co_window_corner_a,
          co_window_paths_b, co_window_paths_b, co_window_paths_a,
          co_window_paths_b, co_window_corner_b, co_window_of_opportunity_b,
          co_window_of_opportunity_b, co_window_of_opportunity_b,
          co_window_4corner_a, glass_columns_a, glass_columns_a,
          glass_columns_a, glass_columns_a, first_ration
D:6:      layout_basic, lemuel_zombie_altar_yredelemnul
D:7:      layout_cave_pods, minmay_temple_entry_nine_rooms, serial_shops, shop
D:8:      minmay_chambers_of_fours, layout_cave_pods, uniq_maggie,
          uniq_prince_ribbit1, uniq_psyche
D:9:      layout_irregular_city, evilmike_butchery
D:10:     layout_small_grid, david_lair_generic, serial_shops,
          nicolae_shop_trees, grunt_pizzeria, grunt_qazlal_clouds
D:11:     layout_rooms, david_orc_1_choice, maelrawn_ghost_gauntlet_escape, pond
Lair:1:   layout_chaotic_city, minmay_lair_oklob_chamber, serial_bayou_shore_a,
          uniq_grum
Lair:2:   layout_roguey, chequers_serial_rivers_small_a
Lair:3:   layout_hall_layers, spider_nest_entry_rubble, grunt_megastairs_3
Lair:4:   layout_concentric_octagons, minmay_swamp_entry_swarm
Lair:5:   layout_gridlike, slime_altar_1, beast_lair_carwin_10, uniq_josephine
Lair:6:   minmay_lair_end_frog_pond, layout_long_grid,
          nicolae_lair_grove_arrangements, lemuel_fruit_fields
Orc:1:    layout_caves, mines3_lemuel
Orc:2:    grunt_orc_cross, layout_caves
Elf:1:    elf_arrival_001, layout_loops_cross, st_stairs_7, uniq_agnes,
          uniq_azrael, uniq_jorgrun
Elf:2:    layout_onion_city, mu_enter_wizlab_5, minmay_shop_mayhem
WizLab:   wizlab_iskenderun

Skill      XL: |  1  2  3  4  5  6  7  8  9 10 11 12 13 14 15 |
---------------+----------------------------------------------+-----
Conjurations   | 2 3 4 6 7 10 14 15 | 15.0
Dodging        | 3 5 6 8 |  8.0
Fighting       | 1 2 3 |  3.0
Spellcasting   | 6 9 12 14 17 21 23 25 | 25.5
Stealth        | 3 |  3.0
Evocations     | 1 4 5 |  5.0
Shields        | 4 |  4.0
Summonings     | |  1.1
Translocations | |  1.1

Action                   |  1- 3 |  4- 6 |  7- 9 | 10-12 | 13-15 || total
-------------------------+-------+-------+-------+-------+-------++-------
Melee: Unarmed           |     1 |       |       |       |       ||     1
       Halberd           |       |    32 |    16 |       |       ||    48
       Flail             |       |       |    12 |    88 |    70 ||   170
       Dagger            |       |       |       |       |    21 ||    21
       Scimitar          |       |       |       |       |     7 ||     7
 Cast: Magic Dart        |    45 |   167 |   270 |   246 |     1 ||   729
       Call Imp          |     4 |     5 |     3 |       |       ||    12
       Conjure Flame     |     1 |     2 |     8 |     2 |       ||    13
       Mephitic Cloud    |       |     2 |    13 |    17 |     1 ||    33
       Searing Ray       |       |       |    43 |    36 |    77 ||   156
       Orb of Destructio |       |       |       |   104 |   179 ||   283
       Blink             |       |       |       |    11 |     8 ||    19
       Freezing Cloud    |       |       |       |       |    24 ||    24
       Ozocubu's Armour  |       |       |       |       |     4 ||     4
       Fireball          |       |       |       |       |    58 ||    58
       Iron Shot         |       |       |       |       |     8 ||     8
Evoke: Wand              |       |       |       |     6 |     2 ||     8
  Use: Potion            |       |     2 |     1 |     6 |     1 ||    10
       Scroll            |       |       |    15 |     6 |     2 ||    23
 Stab: Confused          |       |     1 |     2 |       |       ||     3
       Sleeping          |       |       |       |     1 |       ||     1
  Eat: Chunk             |       |    14 |    20 |    40 |    27 ||   101
       Ration            |       |       |       |     5 |     5 ||    10
Armor: Robe              |     1 |    15 |    19 |    25 |    72 ||   132
       Steam dragon scal |       |       |     2 |    63 |       ||    65
Dodge: Dodged            |    11 |    89 |   156 |   341 |   280 ||   877
Block: Buckler           |       |       |       |       |     6 ||     6
       Rpst.: Scimitar   |       |       |       |       |     1 ||     1

Table legend:
 A = Non-vault XP
 B = Vault XP
 C = Vault XP percentage of total XP
 D = Non-vault monster count
 E = Vault monster count
 F = Vault count percentage of total count
                 A         B        C        D         E       F
            +---------+---------+-------+---------+---------+-------
      Total |   71325 |   63151 |  47.0 |     464 |     186 |  28.6
            +---------+---------+-------+---------+---------+-------
        D:1 |      42 |       0 |   0.0 |      21 |       0 |   0.0
        D:2 |      36 |      79 |  68.7 |      17 |       4 |  19.0
        D:3 |      83 |       2 |   2.4 |      18 |       1 |   5.3
        D:4 |     605 |     162 |  21.1 |      27 |       2 |   6.9
        D:5 |     256 |       0 |   0.0 |      12 |       0 |   0.0
        D:6 |     701 |       3 |   0.4 |      24 |       2 |   7.7
        D:7 |     320 |       0 |   0.0 |      16 |       0 |   0.0
        D:8 |    1704 |    1534 |  47.4 |      27 |       9 |  25.0
        D:9 |    1803 |       0 |   0.0 |      26 |       0 |   0.0
       D:10 |    3606 |     862 |  19.3 |      25 |       4 |  13.8
       D:11 |    2649 |    2891 |  52.2 |      31 |      17 |  35.4
     Lair:1 |    4831 |    1673 |  25.7 |      25 |       6 |  19.4
     Lair:2 |    6802 |       0 |   0.0 |      26 |       0 |   0.0
     Lair:3 |    2904 |     214 |   6.9 |      15 |       1 |   6.2
     Lair:4 |    4425 |     896 |  16.8 |      21 |       5 |  19.2
     Lair:5 |    3000 |    5017 |  62.6 |      14 |      20 |  58.8
     Lair:6 |    6992 |   11269 |  61.7 |      26 |      43 |  62.3
      Orc:1 |    1903 |     542 |  22.2 |      17 |       1 |   5.6
      Orc:2 |    2419 |    7666 |  76.0 |      31 |      34 |  52.3
      Elf:1 |   18927 |   10847 |  36.4 |      33 |      15 |  31.2
      Elf:2 |    7317 |       0 |   0.0 |      12 |       0 |   0.0
     WizLab |       0 |   19494 | 100.0 |       0 |      22 | 100.0
            +---------+---------+-------+---------+---------+-------
